Map: Baie du Roi EC

Players

zuka - Winner!

  • Race: Protoss Protoss
  • League: Master
  • Spawn Location: 11:00

NeHe

  • Race: Terran Terran
  • Spawn Location: 5:00

VOD

Have the link to the VOD?

Description

Time

  • Played on: June 7, 2019, 1:58 p.m.
  • Length: 5:52
Show
View Real Time Build Order
Export as new Build Order

zuka Protoss - Winner!

Build Orders:  

Get SALT Encoding   

  12  0:01  Probe  
  13  0:14  Probe  
  14  0:18  Pylon  
  14  0:22  Probe  
  15  0:32  Probe  
  15  0:40  Gateway  
  16  0:43  Probe  
  17  0:50  Assimilator  
  17  0:55  Probe  
  18  1:07  Probe  
  18  1:10  Forge  
  19  1:18  Zealot  
  19  1:19  Probe  
  20  1:29  Pylon  
  20  1:31  Probe  
  23  1:45  Photon Cannon  
  23  1:56  Cybernetics Core  
  23  2:04  Photon Cannon  
  23  2:06  Probe  
  24  2:13  Warp Gate  
  24  2:18  Probe  
  24  2:21  Assimilator  
  25  2:30  Probe  
  25  2:32  Stalker  
  28  2:42  Shield Battery  
  28  2:43  Pylon  
  28  2:46  Pylon  
  28  2:58  Gateway  
  28  3:06  Robotics Facility  
  28  3:17  Stalker  
  30  3:22  Gateway  
  30  3:34  Gateway  
  30  3:41  Pylon  
  30  3:54  Warp Prism  
  32  4:06  Stalker x2  
  36  4:17  Stalker  
  38  4:29  Stalker  
  38  4:30  Stalker  
  38  4:47  Stalker x2  
  40  5:05  Stalker  
  40  5:06  Stalker  
  42  5:16  Stalker  
  42  5:17  Stalker  
  42  5:45  Stalker x2  
Show
View Real Time Build Order
Export as new Build Order

NeHe Terran 

Build Orders:  

Get SALT Encoding   

  12  0:01  SCV  
  13  0:13  SCV  
  14  0:21  Supply Depot  
  14  0:27  SCV  
  15  0:45  Barracks  
  15  0:55  Barracks  
  15  1:12  Barracks  
  15  1:31  Marine  
  16  1:33  Barracks  
  16  1:42  Marine  
  16  1:43  Supply Depot  
  17  1:50  Marine  
  18  2:00  Marine x2  
  20  2:09  Marine  
  21  2:16  Bunker  
  21  2:18  Marine  
  21  2:24  SCV  
  22  2:34  Bunker  
  22  2:36  SCV  
  23  2:37  Marine x2  
  25  2:47  Supply Depot  
  25  2:49  Marine  
  26  2:54  Marine  
  27  2:59  SCV  
  27  3:03  Marine  
  29  3:05  Marine  
  30  3:19  Supply Depot  
  29  3:21  Refinery  
  29  3:30  SCV  
  29  3:31  Refinery  
  30  3:43  SCV  
  31  3:55  Orbital Command  
  31  4:15  Factory  
  31  4:35  SCV  
  32  4:40  Marine x3  
  34  4:57  Marine x2  
  34  5:02  Marine  
  30  5:10  SCV  
  17  5:29  SCV  
Tags
 
League
Master
Matchup
PvT
Spawn Locations
Cross Positions
Add a new tag
Caveats
  • Supply blocks, unpowered buildings, or Contaminate may cause inaccurate times.
  • Supply counts are checked every 10 seconds.